 Dungeon Crawl Stone Soup version 0.32-a0-699-g1ee5eff69a (webtiles) character file.

Game seed: 14493403028700114983

1304 warriortoast the Digger (level 8, -2/41 HPs)
             Began as a Gargoyle Earth Elementalist on Mar 13, 2024.
             Was an Initiate of Hepliaklqana.
             Killed from afar by Maurice (6 damage)
             ... with a bolt of dispelling energy
             ... on level 7 of the Dungeon.
             The game lasted 00:15:56 (6550 turns).

warriortoast the Digger (GrEE)                      Turns: 6550, Time: 00:15:57

Health: -2/41      AC:  8    Str: 12    XL:     8   Next: 57%
Magic:  1/15       EV: 11    Int: 18    God:    Hepliaklqana [......]
Gold:   330        SH:  5    Dex: 10    Spells: 9/17 levels left

rFire   . . .        H - +0 rapier "Amaseu" {drain, Will+}
rCold   . . .        I - orb {*channel}
rNeg    + . .        a - +0 robe
rPois   ∞            (no helmet)
rElec   +            (no cloak)
rCorr   .            z - +0 pair of gloves
SInv    .            (no boots)
Will    ++...        n - amulet of reflection
Stlth   ++           k - ring of wizardry
HPRegen 0.26/turn    t - ring of willpower
MPRegen 0.14/turn

%: reflection, wizardry (x1), channel magic (20%)
@: studying Evocations
A: sickness immunity, AC +5, negative energy resistance 1, electricity
resistance, torment resistance 1, petrification resistance
a: Renounce Religion


You were on level 7 of the Dungeon.
You worshipped Hepliaklqana.
Hepliaklqana was noncommittal.
You visited 2 branches of the dungeon, and saw 8 of its levels.

You collected 330 gold pieces.

Inventory:

Hand Weapons
 g - a +0 whip
 B - a +0 short sword of electrocution
 H - the +0 rapier "Amaseu" (weapon) {drain, Will+}
   (You found it on level 6 of the Dungeon)

   Will+:     It increases your willpower.
Armour
 a - a +0 robe (worn)
 z - a +0 pair of gloves (worn)
 I - an orb of energy (worn)
Jewellery
 c - a ring of resist corrosion
 k - a ring of wizardry (left hand)
 n - an amulet of reflection (around neck)
 o - an amulet of guardian spirit
 t - a ring of willpower (right hand)
 D - a ring of flight
 E - a ring of protection from cold
Wands
 y - a wand of roots (6)
 F - a wand of flame (5)
Scrolls
 h - a scroll of revelation
 l - 2 scrolls of amnesia {unknown}
 m - 3 scrolls of teleportation
 r - a scroll of enchant armour {unknown}
 s - a scroll of enchant weapon {unknown}
 u - a scroll of fog {unknown}
 v - 2 scrolls of fear {unknown}
 w - a scroll of silence {unknown}
Potions
 b - 2 potions of magic
 e - 3 potions of enlightenment
 f - 2 potions of haste {unknown}
 i - 2 potions of attraction
 j - 5 potions of curing
 p - 3 potions of brilliance
 q - a potion of heal wounds
 x - a potion of might
 A - a potion of resistance
 C - a potion of degeneration {unknown}
 G - a potion of lignification {unknown}


   Skills:
 - Level 1.5 Dodging
 - Level 2.1 Stealth
 + Level 5.2 Spellcasting
 + Level 5.9 Conjurations
 + Level 7.3 Earth Magic
 + Level 4.9 Evocations


You had 9 spell levels left.
You knew the following spells:

 Your Spells              Type           Power      Damage    Failure   Level
a - Sandblast             Erth           62%        2d14      1%          1
b - Stone Arrow           Conj/Erth      56%        3d10      4%          3
c - Brom's Barrelling Bo  Conj/Erth      28%        2d5       9%          4

Your spell library contained the following spells:

 Spells                   Type           Power      Damage    Failure   Level
 Passwall                 Erth           31%        N/A       3%          3
 Sting                    Conj/Alch      60%        1d6       4%          1
 Hailstorm                Conj/Ice       15%        3d6       12%         3
 Mercury Vapours          Alch/Air       8%         N/A       17%         2
 Petrify                  Alch/Erth      18%        N/A       22%         4
 Summon Ice Beast         Ice/Summ       4%         N/A       28%         3
 Olgreb's Toxic Radiance  Alch           4%         N/A       61%         4
 Permafrost Eruption      Ice/Erth       9%         2x4d4     92%         6
 Sculpt Simulacrum        Ice/Alch       2%         N/A       100%        6


Dungeon Overview and Level Annotations

Branches:
Dungeon (7/15)             Temple (1/1) D:5

Altars:
Ashenzari
Elyvilon
Fedhas
Gozag
Hepliaklqana
Kikubaaqudgha
Makhleb
Nemelex Xobeh
Okawaru
Sif Muna
Vehumet
Wu Jian
Yredelemnul

Annotations:
D:4 3 runed translucent doors, zenocrate's ghost, novice OpEE
D:7 Maurice


Innate Abilities, Weirdness & Mutations

You are immune to sickness and miasma.
Your stone body is resilient. (AC +5)
You are immune to poison.
You resist negative energy. (rN+)
You are resistant to electric shocks. (rElec)
You are resistant to unholy torment.
You are immune to petrification.


Message History

You don't have enough magic to cast this spell.
Unknown command.
You are too injured to fight recklessly!
You are too injured to fight recklessly!
Casting: Stone Arrow (dangerous; 4% risk of failure)
Confirm with . or Enter, or press ? or * to list all spells.
Okay, then.
Casting: Stone Arrow (dangerous; 4% risk of failure)
Confirm with . or Enter, or press ? or * to list all spells.
Aiming: Sandblast (safe; 1% risk of failure)
Press: ? - help, Shift-Dir - straight line, f/p - Maurice
Aim: Maurice, wielding a +0 dagger, wearing a +1 cloak of willpower and carrying a wand of quicksilver (moderately wounded, 78% to hit)
The blast of sand hits Maurice.
Maurice is moderately wounded.
You hit Maurice but do no damage.
Maurice is moderately wounded.
Maurice barely misses you. Maurice bites you but does no damage.
You hit Maurice but do no damage. You drain Maurice.
Maurice is moderately wounded.
Maurice hits you but does no damage. Maurice bites you but does no damage.
You barely miss Maurice.
Maurice is moderately wounded.
Maurice gestures wildly while chanting.
Maurice blinks!
Maurice gestures wildly while chanting.
Maurice flickers and vanishes!
Deactivating autopickup; reactivate with Ctrl-A.
You hear a zap.
A bolt of dispelling energy appears from out of thin air!
The bolt of dispelling energy hits you!
* * * LOW HITPOINT WARNING * * *
You hear a zap.
A bolt of dispelling energy appears from out of thin air!
The bolt of dispelling energy hits you.
* * * LOW HITPOINT WARNING * * *
You hear a zap.
A bolt of dispelling energy appears from out of thin air!
The bolt of dispelling energy hits you.
You die...
Hepliaklqana delivers you to your ancestors.

***
****......##........*,,,,,,
###....##...$...#**,,,,, ****
#..........#....,,,,,*,*
**,,***..........#....#*,,,***
*,,,,,.##.......###....,****
**,,,,,......{....##....,*
**,,,,,,................#,**
*,,,,,,,...........#...##,,*
*,,,,,,,.......@..###.##*,,*
*,,,,,,,....)......#...#*,,*
**,,,,,*.#..##...........,**
****,,**##..#...#..###..,**
*,** #...#...#.##.##,,,* ***
#...>.#........,,,*
##...###.......,***
#....####......** **,,,*
***,,,**


There were no monsters in sight!

Vanquished Creatures
  A wyvern (D:6)
  A water moccasin (D:6)
  An orc warrior (D:6)
  2 ice beasts
  A phantom (D:5)
  2 bullfrogs (D:6)
  A scorpion (D:5)
  A wight (D:4)
  A hound (D:6)
  2 jellies
  An orc priest (D:4)
  2 iguanas (D:6)
  3 orc wizards
  3 gnolls (D:3)
  9 adders
  2 dart slugs
  A ribbon worm (D:2)
  15 orcs
  2 ball pythons
  2 bats (D:3)
  7 endoplasms
  A giant cockroach (D:1)
  10 hobgoblins
  5 jackals
  12 kobolds
  4 quokkas
  2 frilled lizards (D:1)
  5 goblins
  8 rats
107 creatures vanquished.

Notes
Turn   | Place    | Note
-------+----------+-------------------------------------------
     0 | D:1      | warriortoast the Gargoyle Earth Elementalist began the
                  | quest for the Orb.
     0 | D:1      | Reached XP level 1. HP: 10/10 MP: 3/3
   220 | D:1      | Reached XP level 2. HP: 4/15 MP: 0/5
   410 | D:1      | Reached skill level 4 in Earth Magic
   568 | D:1      | Reached XP level 3. HP: 19/19 MP: 4/6
  1295 | D:2      | Reached XP level 4. HP: 12/24 MP: 4/8
  2024 | D:3      | Reached XP level 5. HP: 28/28 MP: 7/9
  2028 | D:3      | Learned a level 3 spell: Stone Arrow
  2033 | D:3      | Learned a level 4 spell: Brom's Barrelling Boulder
  2837 | D:4      | Reached skill level 5 in Earth Magic
  3056 | D:4      | Reached XP level 6. HP: 21/32 MP: 8/11
  3180 | D:4      | Found a runed translucent gate.
  3182 | D:4      | Found a runed translucent gate.
  3182 | D:4      | Noticed zenocrate's ghost (novice OpEE)
  3183 | D:4      | Found a runed translucent gate.
  3292 | D:4      | Found an iron altar of Okawaru.
  3548 | D:4      | Noticed an ice beast
  3810 | D:5      | Entered Level 5 of the Dungeon
  3974 | D:5      | Reached skill level 1 in Evocations
  4017 | D:5      | Reached skill level 6 in Earth Magic
  4017 | D:5      | Reached XP level 7. HP: 36/36 MP: 7/13
  4735 | D:5      | Found a staircase to the Ecumenical Temple.
  4744 | Temple   | Entered the Ecumenical Temple
  4776 | Temple   | Became a worshipper of Hepliaklqana the Forgotten
  5145 | D:6      | Found a white marble altar of Elyvilon.
  5156 | D:6      | Noticed a wyvern
  5447 | D:6      | Found a burning altar of Makhleb.
  5533 | D:6      | Identified the +0 rapier "Amaseu" {drain, Will+}
  5821 | D:6      | Reached skill level 5 in Conjurations
  6152 | D:6      | Reached XP level 8. HP: 32/41 MP: 10/15
  6318 | D:6      | Reached skill level 5 in Spellcasting
  6318 | D:6      | Reached skill level 7 in Earth Magic
  6434 | D:6      | Killed a wyvern
  6535 | D:7      | Noticed Maurice
  6550 | D:7      | Killed from afar by Maurice

Illustrated notes

Levels and vault maps discovered:
D:1:      kennysheep_arrival_seaside, layout_loops_cross, minmay_heptomino_l4
D:2:      layout_loops_ring, kennysheep_generic_room_2
D:3:      layout_loops_ring, minmay_misc_feat_four_crosses
D:4:      layout_rooms, mainiacjoe_overflow_brackets, gammafunk_ghost_split,
          minmay_manual_mess
D:5:      layout_layer_cave, minmay_temple_entry_large_hall,
          serial_park_tiny_pond, chequers_serial_rivers_micro_c,
          serial_bayou_lake_a
D:6:      layout_loops_corners, mainiacjoe_overflow_concentric_impassable,
          mainiacjoe_overflow_alcove_2, bh_walls_and_bars
D:7:      layout_cave_pools, nicolae_uskayaw_murder_on_the_dancefloor,
          enter_bailey_5, uniq_maurice
Temple:   nicolae_temple_bog_church

Skill      XL: |  1  2  3  4  5  6  7  8 |
---------------+-------------------------+-----
Earth Magic    | 4 5 6 7 |  7.3
Conjurations   | 2 3 4 5 |  5.9
Spellcasting   | 3 4 5 |  5.2
Evocations     | 2 3 4 |  4.9
Dodging        | |  1.5
Stealth        | |  2.1

Action                     |  1- 3 |  4- 6 |  7- 9 || total
---------------------------+-------+-------+-------++-------
  Melee: Whip              |    20 |    14 |       ||    34
         Short sword       |       |       |     2 ||     2
         Rapier            |       |       |     3 ||     3
   Cast: Sandblast         |    48 |    94 |    30 ||   172
         Stone Arrow       |       |       |    15 ||    15
    Use: Scroll            |       |     7 |     3 ||    10
 Armour: Robe              |    30 |    38 |    21 ||    89
  Dodge: Dodged            |    21 |    22 |     7 ||    50
  Block: Other             |       |    11 |     4 ||    15
         Reflection        |       |     4 |       ||     4

Table legend: (Time is in decaauts)
 A = Elapsed time spent in this place.
 B = Non-inter-level travel time spent in this place.
 C = Inter-level travel time spent in this place.
 D = Time resting spent in this place.
 E = Time spent auto-exploring this place.
 F = Levels seen in this place.
 G = Mean time per level.
                   A        B        C        D        E       F      G
               +--------+--------+--------+--------+--------+-----+--------+
         Total |   6663 |   6449 |    214 |    571 |   4983 |   8 |  832.9 |
       Dungeon |   6609 |   6414 |    195 |    571 |   4983 |   7 |  944.1 |
        Temple |     54 |     35 |     19 |      0 |      0 |   1 |   54.0 |
               +--------+--------+--------+--------+--------+-----+--------+

Top non-repeatable levels by time:
     D:6: 1401 daAuts
     D:4: 1158 daAuts
     D:5: 1147 daAuts
     D:1: 1078 daAuts
     D:2: 909 daAuts
     D:3: 886 daAuts
  Temple: 54 daAuts
     D:7: 27 daAuts
